 Dungeon Crawl Stone Soup version bcrawl-1.12-5-g74a5124548 (webtiles) character file.

Game seed: 830209181377890270

32 Maize the Ducker (level 3, 27/29 HPs)
             Began as a Minotaur Archaeologist on June 1, 2019.
             Quit the game on level 2 of the Dungeon.
             The game lasted 00:01:30 (1400 turns).

Maize the Ducker (Minotaur Archaeologist)           Turns: 1400, Time: 00:01:31

Health: 27/29      AC: 13    Str: 16    XL:     3   Next: 10%
Magic:  2/2        EV:  7    Int: 11    God:
Gold:   62         SH:  0    Dex:  8    Spells: 2/2 levels left

rFire    . . .     SeeInvis .   l - +0 dagger
rCold    . . .     Gourm    .   (no shield)
rNeg     . . .     Faith    .   o - +0 chain mail
rPois    .         Spirit   .   b - +1 hat
rElec    .         Reflect  .   (no cloak)
rCorr    .         Harm     .   d - +1 pair of gloves
MR       .....                  c - +1 pair of boots
Stlth    ..........             (no amulet)
HPRegen  0.09/turn              (no ring)
MPRegen  0.08/turn              (no ring)

@: studying Spellcasting
A: retaliatory headbutt, horns 2
a: no special abilities


You were on level 2 of the Dungeon.
You were very hungry.

You visited 1 branch of the dungeon, and saw 2 of its levels.

You collected 62 gold pieces.

Inventory:

Hand Weapons
 l - a +0 dagger (weapon)
Armour
 b - a +1 hat (worn)
 c - a +1 pair of boots (worn)
 d - a +1 pair of gloves (worn)
 o - a +0 chain mail (worn)
Jewellery
 a - an uncursed ring of poison resistance {unknown}
Scrolls
 h - a scroll of magic mapping {unknown}
 j - a scroll of blinking {unknown}
 k - 2 scrolls of teleportation {unknown}
 n - a scroll of fog {unknown}
 p - a scroll of immolation {unknown}
Potions
 i - a potion of agility {unknown}
 m - a potion of magic {unknown}
Books
 e - a manual of Spellcasting
Miscellaneous
 f - an ancient crate
Comestibles
 g - 2 rations {!d}


   Skills:
 * Level 2.0 Fighting
 + Level 0.1 Short Blades
 * Level 1.4 Armour
 - Level 3.7 Dodging
 - Level 2.9 Stealth
 - Level 0.5 Unarmed Combat


You had 2 spell levels left.
You didn't know any spells.
Your spell library was empty.

Dungeon Overview and Level Annotations

Branches:
Dungeon (2/12)

Altars:


Innate Abilities, Weirdness & Mutations

You reflexively headbutt those who attack you in melee.
You have a pair of horns on your head.


Message History

The ooze barely misses you.
You hit the ooze.
The ooze is heavily wounded.
The ooze hits you.
You hit the ooze but do no damage.
The ooze is heavily wounded.
The quokka bites you but does no damage.
The ooze barely misses you.
You hit the ooze. You headbutt the ooze.
You kill the ooze!
Your Fighting skill increases to level 2!
You have reached level 3!
Your experience leads to an increase in your attributes!
Increase (S)trength, (I)ntelligence, or (D)exterity?
You feel stronger.
You have an epiphany!
The dusty tome is a manual of Spellcasting!
Reading it may be key to unlocking the crate...
The quokka bites you but does no damage.
Quiver which item? (- for none, * to show all) (? for menu, Esc to quit)
Okay, then.
Are you sure you want to abandon this character and quit the game? (Confirm with "yes".)

# #.#. .....
..#########.....<
#......[r<.......
.......@###......
........# ..r..
#........ ....
#......... ...
#.......##. ..
#......## .. .
....... ..
....... ..


You could see a quokka.

Vanquished Creatures
  An ooze (D:2)
  2 dart slugs (D:1)
  5 giant cockroaches (D:1)
  2 hobgoblins (D:1)
  2 jackals (D:1)
  3 bats (D:1)
  A frilled lizard (D:1)
  3 kobolds (D:1)
  4 rats (D:1)
23 creatures vanquished.

Notes
Turn   | Place    | Note
-------+----------+-------------------------------------------
     0 | D:1      | Maize the Minotaur Archaeologist began the quest for the
                  | Orb.
     0 | D:1      | Reached XP level 1. HP: 16/16 MP: 0/0
   290 | D:1      | Reached XP level 2. HP: 22/23 MP: 1/1
   637 | D:1      | Reached skill level 1 in Armour
  1399 | D:2      | Reached XP level 3. HP: 27/29 MP: 2/2
  1400 | D:2      | Quit the game

Skill      XL: |  1  2 |
---------------+-------+-----
Armour         | 1 |  1.4
Fighting       | 2 |  2.0
Short Blades   | |  0.1
Dodging        | |  3.7
Stealth        | |  2.9
Unarmed Combat | |  0.5

Action                   || total
-------------------------++-------
Melee: Unarmed           ||    35
       Headbutt          ||    10
       Dagger            ||    48
 Stab: Sleeping          ||     1
Armor: Robe              ||     8
       Chain mail        ||    30
       Ring mail         ||     7
Dodge: Dodged            ||    64
